 Dungeon Crawl Stone Soup version 0.28.0-53-g5a82cb258f (webtiles) character file.

Game seed: 15576824109900221485

2 Legadrian the Sneak (level 1, -3/13 HPs)
             Began as a Kobold Brigand on July 1, 2022.
             Slain by a hobgoblin (4 damage)
             ... on level 1 of the Dungeon on July 2, 2022.
             The game lasted 00:01:37 (284 turns).

Legadrian the Sneak (Kobold Brigand)                 Turns: 284, Time: 00:01:38

Health: -3/13      AC:  3    Str:  8    XL:     1   Next: 44%
Magic:  1/1        EV: 14    Int: 12    God:
Gold:   10         SH:  0    Dex: 16    Spells: 0/0 levels left

rFire   . . .      SeeInvis .   a - +2 dagger
rCold   . . .      Faith    .   (no shield)
rNeg    . . .      Spirit   .   b - +0 robe
rPois   .          Reflect  .   (no helmet)
rElec   .          Harm     .   c - +0 cloak
rCorr   .          Rampage  .   (no gloves)
Will    .....                   (no boots)
Stlth   ++++......              (no amulet)
HPRegen 0.04/turn               (no ring)
MPRegen 0.07/turn               (no ring)

@: no status effects
A: small, no large weapons, nightstalker 3
a: no special abilities


You were on level 1 of the Dungeon.
You visited 1 branch of the dungeon, and saw 1 of its levels.

You collected 10 gold pieces.

Inventory:

Hand Weapons
 a - a +2 dagger (weapon)
Missiles
 d - 8 poisoned darts (quivered)
 e - 2 curare-tipped darts
Armour
 b - a +0 robe (worn)
 c - a +0 cloak (worn)
Scrolls
 f - a scroll of teleportation {unknown}


   Skills:
 + Level 2.5 Fighting
 - Level 2.6 Short Blades
 - Level 2.1 Throwing
 - Level 1.2 Dodging
 - Level 5.3 Stealth


You couldn't memorise any spells.
You didn't know any spells.
Your spell library was empty.

Dungeon Overview and Level Annotations

Branches:
Dungeon (1/15)

Altars:


Innate Abilities, Weirdness & Mutations

You are small and have problems with some larger weapons.
You are completely attuned to the shadows.


Message History

The hobgoblin closely misses you. The bat hits you. The bat barely misses you.
The hobgoblin misses you. The bat hits you but does no damage.
The hobgoblin barely misses you. The bat misses you. The bat hits you.
The hobgoblin hits you. The bat hits you but does no damage.
The bat misses you. The hobgoblin misses you.
The bat closely misses you. x2; The hobgoblin misses you.
The bat hits you but does no damage. The bat completely misses you.
The hobgoblin misses you. The bat closely misses you.
The hobgoblin closely misses you. The bat barely misses you.
The bat hits you but does no damage. The hobgoblin misses you.
The bat hits you but does no damage. The hobgoblin hits you.
The bat misses you. The bat completely misses you.
The hobgoblin closely misses you. The bat hits you but does no damage. x2
The hobgoblin hits you but does no damage.
The bat hits you but does no damage. The hobgoblin barely misses you.
The bat hits you but does no damage. x2; The hobgoblin barely misses you.
The hobgoblin hits you. The bat hits you but does no damage.
The bat completely misses you. The hobgoblin closely misses you.
The bat misses you. The hobgoblin barely misses you. The bat hits you.
The hobgoblin barely misses you.
The bat hits you but does no damage. x2; The hobgoblin completely misses you.
The bat hits you but does no damage. The bat closely misses you.
The hobgoblin hits you. The bat closely misses you. The bat misses you.
The hobgoblin hits you.
* * * LOW HITPOINT WARNING * * *
The bat closely misses you. The hobgoblin closely misses you.
The bat misses you. The bat completely misses you. The bat barely misses you.
The hobgoblin closely misses you. The bat barely misses you.
The bat closely misses you. The hobgoblin barely misses you.
The bat hits you but does no damage. The hobgoblin misses you.
The bat hits you but does no damage. The bat closely misses you.
The hobgoblin misses you. The bat hits you but does no damage.
The bat closely misses you. The hobgoblin hits you.
You die...

# #########
........# .#
#######.# ## .# #
#.# .#. #. #.#
####g###.## #.#
...b@.#... #.#
#.####...# #.# #.#
##.##
#######.####.# #.#
).......(.##.# #.#
#####.....##.## #.#
#.........# #.#
#.....##..####.####
#..................


You could see a hobgoblin and a bat.

Vanquished Creatures
  A goblin (D:1)
  A kobold (D:1)
  A rat (D:1)
3 creatures vanquished.

Notes
Turn   | Place    | Note
-------+----------+-------------------------------------------
     0 | D:1      | Legadrian the Kobold Brigand began the quest for the Orb.
     0 | D:1      | Reached XP level 1. HP: 12/12 MP: 1/1
   284 | D:1      | Slain by a hobgoblin

Illustrated notes

Levels and vault maps discovered:
D:1:      psy_arrival_conway, layout_loops_ring,
          dreamdust_ecumenical_altar_hidden_monk_grotto

Action                   || total
-------------------------++-------
Melee: Dagger            ||     5
       Punch             ||     1
 Stab: Sleeping          ||     2
Armor: Robe              ||    18
Dodge: Dodged            ||    46
